 Dungeon Crawl Stone Soup version 0.28.0-45-g0d030f2227 (webtiles) character file.

Game seed: 2906994983596814968

109 NinjaNoafa the Firebug (level 4, 0/33 HPs)
             Began as a Draconian Fire Elementalist on Apr 18, 2022.
             Slain by Duvessa
             ... wielding a +4 short sword of distortion
              (4 damage)
             ... on level 4 of the Dungeon.
             The game lasted 00:07:18 (3873 turns).

NinjaNoafa the Firebug (DrFE)                       Turns: 3873, Time: 00:07:18

Health: 0/33       AC:  5    Str:  8 (10) XL:     4   Next: 60%
Magic:  7/7        EV: 12    Int: 17      God:
Gold:   86         SH:  0    Dex: 11 (12) Spells: 4/7 levels left

rFire   . . .      SeeInvis .   c - +0 arbalest
rCold   . . .      Faith    .   (shield currently unavailable)
rNeg    . . .      Spirit   .   (armour unavailable)
rPois   .          Reflect  .   (helmet restricted)
rElec   .          Harm     .   m - scarf {shadows}
rCorr   .          Rampage  .   (no gloves)
Will    .....                   (no boots)
Stlth   ++........              (no amulet)
HPRegen 0.11/turn               (no ring)
MPRegen 0.10/turn               (no ring)

@: no status effects
A: AC +5, unfitting armour, cold-blooded
a: no special abilities


You were on level 4 of the Dungeon.
You visited 1 branch of the dungeon, and saw 4 of its levels.

You collected 86 gold pieces.

Inventory:

Hand Weapons
 c - a +0 arbalest (weapon)
 d - a +0 club
 e - a +0 short sword
 j - a +0 dagger
Missiles
 b - 120 stones
 f - 5 poisoned darts
Armour
 h - a scarf of harm
 m - a scarf of shadows (worn)
Jewellery
 k - an amulet of magic regeneration
Wands
 o - a wand of mindburst (1)
Scrolls
 a - a scroll of fog {unknown}
 i - a scroll of fear {unknown}
 n - a scroll of teleportation
 p - a scroll of enchant armour {unknown}
Potions
 g - a potion of degeneration


   Skills:
 + Level 2.4 Dodging
 - Level 2.0 Stealth
 + Level 2.4 Spellcasting
 + Level 2.0 Conjurations
 + Level 0.9 Necromancy
 + Level 1.5 Transmutations
 + Level 3.6 Fire Magic
 * Level 0.0 Evocations


You had 4 spell levels left.
You knew the following spells:

 Your Spells              Type           Power      Damage    Failure   Level
a - Foxfire               Conj/Fire      44%        2x1d6     6%          1
b - Scorch                Fire           28%        2d6       6%          2

Your spell library contained the following spells:

 Spells                   Type           Power      Damage    Failure   Level
 Beastly Appendage        Tmut           14%        N/A       10%         1
 Pain                     Necr           20%        1d5       13%         1
 Wereblood                Tmut           7%         N/A       16%         2
 Conjure Flame            Conj/Fire      11%        6-21      17%         3
 Slow                     Hex            8%         N/A       19%         1
 Inner Flame              Hex/Fire       8%         N/A       26%         3
 Vampiric Draining        Necr           5%         2d6       36%         3
 Spider Form              Tmut/Pois      4%         N/A       38%         3
 Confusing Touch          Hex            2%         N/A       50%         3
 Flame Wave               Conj/Fire      11%        2d5       50%         4
 Agony                    Necr           5%         N/A       98%         5
 Excruciating Wounds      Necr           2%         N/A       98%         5


Dungeon Overview and Level Annotations

Branches:
Dungeon (4/15)
 Temple: D:4-7

Altars:
Beogh

Annotations:
D:4 Dowan, Duvessa


Innate Abilities, Weirdness & Mutations

Your plain brown scales are hard. (AC +5)
You cannot fit into any form of body armour.
You are cold-blooded and may be slowed by cold attacks.


Message History

There is a stone staircase leading up here.
Unknown command.
You now have 86 gold pieces (gained 5).
Found a stone staircase leading up.
Dowan, Brother of Duvessa comes into view.
He is wielding a +0 dagger.
Found a scroll labelled YDDEGALLOSUR.
Found a stone staircase leading down.
Dowan shouts!
You shoot a bolt. The bolt closely misses Dowan.
Duvessa, Sister of Dowan comes into view.
She is wielding a +4 short sword of distortion and wearing a +1 chain mail of willpower.
Dowan casts a spell at you. The puff of flame hits you!
You shoot a bolt.
The bolt hits Duvessa but does no damage.
Dowan casts a spell at you. The puff of flame hits you.
Dowan casts a spell at you. The puff of flame misses you.
Nothing quivered!
Aiming: Mindburst
Press: ? - help, Shift-Dir - straight line, f/p - Duvessa
Aim: Duvessa, wielding a +4 short sword of distortion and wearing a +1 chain mail of willpower (chance to affect: 16%) Duvessa's mind is blasted!!
Aiming: Mindburst
Press: ? - help, Shift-Dir - straight line, f/p - Duvessa
Aim: Duvessa, wielding a +4 short sword of distortion and wearing a +1 chain mail of willpower (heavily wounded, chance to affect: 16%) Duvessa resists with almost no effort.
Duvessa says, "Where magic fails, the sword succeeds!"
Aiming: Mindburst
Press: ? - help, Shift-Dir - straight line, f/p - Duvessa
Aim: Duvessa, wielding a +4 short sword of distortion and wearing a +1 chain mail of willpower (heavily wounded, chance to affect: 16%) Duvessa resists with almost no effort.
Duvessa hits you with a +4 short sword of distortion!
Aiming: Mindburst
Press: ? - help, Shift-Dir - straight line, f/p - Duvessa
Aim: Duvessa, wielding a +4 short sword of distortion and wearing a +1 chain mail of willpower (heavily wounded, chance to affect: 16%) Duvessa resists with almost no effort.
Duvessa hits you with a +4 short sword of distortion!
* * * LOW HITPOINT WARNING * * *
Space warps around you.
You die...

##..<........##
#######......##
##......###
##.......##
###......## ?
##......##..
#........##
##........#
#.#@e.....
####e...!.
#..... .....
.<(> .... ..(


You could see Duvessa and Dowan.

Vanquished Creatures
  4 adders
  2 worms (D:3)
  A dart slug (D:2)
  4 orcs
  6 bats
  5 endoplasms
  2 giant cockroaches (D:1)
  5 goblins
  3 hobgoblins (D:2)
  2 jackals (D:1)
  2 quokkas
  7 ball pythons
  4 frilled lizards
  8 kobolds
  4 rats
59 creatures vanquished.

Vanquished Creatures (others)
  140 foxfires
140 creatures vanquished.

Grand Total: 199 creatures vanquished

Notes
Turn   | Place    | Note
-------+----------+-------------------------------------------
     0 | D:1      | NinjaNoafa the Draconian Fire Elementalist began the quest
                  | for the Orb.
     0 | D:1      | Reached XP level 1. HP: 14/14 MP: 3/3
   472 | D:1      | Reached XP level 2. HP: 9/20 MP: 0/5
  1609 | D:2      | Reached XP level 3. HP: 26/26 MP: 6/6
  2042 | D:2      | Found a faded altar of an unknown god.
  2429 | D:2      | Reached skill level 1 in Transmutations
  2675 | D:3      | Reached XP level 4. HP: 25/33 MP: 5/7
  3609 | D:3      | Learned a level 2 spell: Scorch
  3867 | D:4      | Noticed Dowan
  3868 | D:4      | Noticed Duvessa
  3873 | D:4      | Slain by Duvessa

Illustrated notes

Levels and vault maps discovered:
D:1:      saegor_arrival_under_anarchy, layout_basic, minmay_tree_intersection
D:2:      layout_loops_cross, hellmonk_ecumenical_altar_defaced_shrine,
          st_stairs_5, hangedman_abyss_or_decor_stabs, chequers_arboretum
D:3:      layout_basic, minmay_circle_x
D:4:      layout_cave_pods, nicolae_elemental_shop, uniq_duvessa

Skill      XL: |  1  2  3  4 |
---------------+-------------+-----
Stealth        | 2 |  2.0
Dodging        | 2 |  2.4
Transmutations | 1 |  1.5
Conjurations   | 2 |  2.0
Spellcasting   | |  2.4
Necromancy     | |  0.9
Fire Magic     | |  3.6

Action                   |  1- 3 |  4- 6 || total
-------------------------+-------+-------++-------
Melee: Short sword       |       |     3 ||     3
       Tailslap          |       |     1 ||     1
 Fire: Arbalest          |    37 |    11 ||    48
 Cast: Foxfire           |    52 |    31 ||    83
Evoke: Wand              |       |     4 ||     4
  Use: Scroll            |     2 |       ||     2
       Potion            |     1 |     2 ||     3
Armor: Skin              |    31 |    15 ||    46
Dodge: Dodged            |    48 |    25 ||    73
